cohdb
Replays
Latest Replays
All Replays
Popular Replays
Top Player Replays
Match Explorer
How It Works
Community
CoH3 Stats
Reddit
Sign in to upload your games and track your stats! →
Sign in with Steam
Match 43988614
Unlisted
Match 43988614
Overview
Messages
Build Orders
End
Construct Section Command Post
Selects Air and Sea Battlegroup
Dingo Light Scout Car
Infantry Section
Infantry Section
Infantry Section
Construct Platoon Command Post
Humber Armored Car
Selects Supply Surplus
Selects Commando Section Paradrop
Construct Field Infirmary
Infantry Training
Forward Retreat Point
Construct Resource Cache
Construct Resource Cache
Construct Company Command Post
Unlock M3 Grant Medium Tanks
Selects Commando Support Section Paradrop
Foot Guards Section
M3 Grant Medium Tank
Selects Anti-tank Rocket Loiter
Construct Resource Cache
Anti-tank Rocket Loiter
M3 Grant Medium Tank
TacticalVanguard
diritar
Some_Devil
PANDAKING
MadCrown
MrGlaucus
toby8888
nexnbb
0
0
Comments
sign in to comment!
No comments posted yet!